 Dungeon Crawl Stone Soup version 0.29-a0-459-g97dee8cd24 (webtiles) character file.

Game seed: 16651533031592167549

626 croobank the Firebug (level 7, 0/50 (51) HPs)
             Began as a Gnoll Fire Elementalist on May 20, 2022.
             Slain by a wight
             ... wielding a +4 falchion
              (2 damage)
             ... on level 4 of the Dungeon.
             The game lasted 00:10:25 (3950 turns).

croobank the Firebug (Gnoll Fire Elementalist)      Turns: 3950, Time: 00:10:26

HP:   0/50 (51)     AC:  9    Str: 14    XL:     7   Next: 47%
MP:   14/15         EV: 13    Int: 16    God:
Gold: 162           SH:  0    Dex: 12    Spells: 7/17 levels left

rFire   . . .      SeeInvis .   r - +5 quarterstaff (chaos)
rCold   . . .      Faith    .   (shield currently unavailable)
rNeg    . . .      Spirit   .   a - +0 robe
rPois   .          Reflect  .   (no helmet)
rElec   .          Harm     .   s - +2 cloak
rCorr   .          Rampage  .   (no gloves)
Will    .....                   (no boots)
Stlth   +++.......              w - amulet of magic regeneration
HPRegen 0.16/turn               q - +4 ring of protection
MPRegen 0.54/turn               t - +6 ring of strength

@: very slightly contaminated, lightly drained
A: fangs 1, strong nose, distributed training
a: no special abilities


You were on level 4 of the Dungeon.
You visited 1 branch of the dungeon, and saw 4 of its levels.

You collected 162 gold pieces.

Inventory:

Hand Weapons
 f - a +0 war axe
 r - a +5 quarterstaff of chaos (weapon)
Missiles
 m - 126 stones
 u - 3 boomerangs
 y - a throwing net
Armour
 a - a +0 robe (worn)
 n - a +0 leather armour
 s - a +2 cloak (worn)
Jewellery
 e - a ring of fire
 k - a ring of willpower
 q - a +4 ring of protection (left hand)
 t - a +6 ring of strength (right hand)
 w - an amulet of magic regeneration (around neck)
 A - a ring of fire
Scrolls
 l - 2 scrolls of teleportation
 o - a scroll of noise
Potions
 b - a potion of magic
 c - a potion of invisibility
 d - a potion of heal wounds {unknown}
 g - 3 potions of curing
 h - a potion of haste {unknown}
 i - 2 potions of ambrosia
 j - a potion of berserk rage
 p - a potion of mutation
 z - a potion of lignification {unknown}


   Skills:
 + Level 2.5 Fighting
 + Level 2.5 Short Blades
 + Level 2.5 Long Blades
 + Level 2.5 Axes
 + Level 2.5 Maces & Flails
 + Level 2.5 Polearms
 + Level 2.5 Staves
 + Level 2.5 Slings
 + Level 2.5 Bows
 + Level 2.5 Crossbows
 + Level 2.5 Throwing
 + Level 2.5 Armour
 + Level 5.2 Dodging
 + Level 4.9 Stealth
 + Level 2.5 Shields
 + Level 2.5 Unarmed Combat
 + Level 5.6 Spellcasting
 + Level 3.0 Conjurations
 + Level 2.0 Hexes
 + Level 2.0 Summonings
 + Level 2.0 Necromancy
 + Level 2.0 Translocations
 + Level 2.0 Transmutations
 + Level 5.8 Fire Magic
 + Level 2.0 Ice Magic
 + Level 2.0 Air Magic
 + Level 2.0 Earth Magic
 + Level 2.0 Poison Magic
 + Level 2.8 Invocations
 + Level 2.5 Evocations


You had 7 spell levels left.
You knew the following spells:

 Your Spells              Type           Power      Damage    Failure   Level
a - Foxfire               Conj/Fire      72%        2x1d7     2%          1
b - Scorch                Fire           46%        2d7       1%          2
c - Flame Wave            Conj/Fire      18%        2d6       22%         4
d - Mephitic Cloud        Conj/Pois/Air  12%        N/A       16%         3

Your spell library contained the following spells:

 Spells                   Type           Power      Damage    Failure   Level
 Magic Dart               Conj           56%        1d5       4%          1
 Necrotize                Necr           44%        1d6       6%          1
 Conjure Flame            Conj/Fire      18%        6-21      7%          3
 Inner Flame              Hex/Fire       17%        N/A       9%          3
 Call Imp                 Summ           11%        N/A       10%         2
 Vampiric Draining        Necr           11%        2d6       19%         3
 Agony                    Necr           11%        N/A       86%         5
 Alistair's Intoxication  Tmut/Pois      7%         N/A       86%         5
 Borgnjor's Vile Clutch   Necr/Erth      5%         N/A       86%         5
 Eringya's Noxious Bog    Tmut/Pois      5%         N/A       100%        6


Dungeon Overview and Level Annotations

Branches:
Dungeon (4/15)
 Temple: D:4-7

Altars:

Annotations:
D:3 3 runed translucent doors, bande's ghost, amateur GrFi


Innate Abilities, Weirdness & Mutations

You have very sharp teeth.
Your uncanny sense of smell can sniff out nearby items.
Your experience applies equally to all skills.


Message History

You sock the wight!
You destroy the wight!
Your Hexes skill increases to level 2!
Your Summonings skill increases to level 2!
Your Necromancy skill increases to level 2!
Your Translocations skill increases to level 2!
Your Transmutations skill increases to level 2!
Your Ice Magic skill increases to level 2!
Your Air Magic skill increases to level 2!
Your Earth Magic skill increases to level 2!
Your Poison Magic skill increases to level 2!
You hit the wight.
The wight appears confused.
The wight is moderately damaged.
The wight hits the wight with a +0 hand axe.
The wight barely misses you.
Your magical contamination has completely faded away.
You thump the wight!
You destroy the wight!
The wight hits you with a +4 falchion.
Your life force feels restored.
Your Conjurations skill increases to level 3!
You hit the wight. You burn the wight. You bite the wight, but do no damage.
The wight is moderately damaged.
The wight hits you with a +4 falchion.
You sock the wight! You bite the wight, but do no damage.
The wight is almost destroyed.
Casting: Scorch (safe; 1% risk of failure)
Confirm with . or Enter, or press ? or * to list all spells.
You miscast Scorch.
You are very lightly contaminated with residual magic.
Nothing appears to happen.
The wight hits you with a +4 falchion!
* * * LOW HITPOINT WARNING * * *
The wight hits you with a +4 scimitar.
* * * LOW HITPOINT WARNING * * *
Okay, then.
Okay, then.
You feel better. The wight hits you with a +4 falchion!
* * * LOW HITPOINT WARNING * * *
You feel drained.
You die...

,,,,,**,****,**#.#
,***,,*,* *,,*#.#
,+,*,,,,* *#,*#.#
######## **,***,,*
#.*#.# #..))..)
,,,,,*,,* #.*#.#
#.###### **,***,,*
#=##.# #.# #
,*,*,,,,* #..#)#
#.# # ,***,,,,*
*#.#z# #.# #
,,,,,,,** #.z@#
#.# # **,,,,**
##..#########.# #
******
#.>..........# #
############## # #
# # # #


You could see 2 wights.

Vanquished Creatures
  An ogre (D:4)
  A scorpion (D:2)
  3 wights (D:4)
  Crazy Yiuf (D:2)
  An iguana (D:4)
  11 gnolls (D:3)
  6 adders (D:3)
  3 worms
  4 dart slugs
  11 orcs
  13 ball pythons
  3 bats (D:1)
  A bat zombie (D:2)
  4 endoplasms
  2 giant cockroaches
  7 goblins
  4 hobgoblins
  8 kobolds
  4 quokkas
  A ball python zombie (D:2)
  2 frilled lizards (D:2)
  A rat (D:1)
92 creatures vanquished.

Vanquished Creatures (collateral kills)
  A foxfire (D:2)
1 creature vanquished.

Vanquished Creatures (others)
  101 foxfires
101 creatures vanquished.

Grand Total: 194 creatures vanquished

Notes
Turn   | Place    | Note
-------+----------+-------------------------------------------
     0 | D:1      | croobank the Gnoll Fire Elementalist began the quest for
                  | the Orb.
     0 | D:1      | Reached XP level 1. HP: 13/13 MP: 6/6
   203 | D:1      | Reached XP level 2. HP: 19/19 MP: 5/7
   206 | D:1      | Learned a level 2 spell: Scorch
  1037 | D:2      | Found a faded altar of an unknown god.
  1093 | D:2      | Reached XP level 3. HP: 25/25 MP: 7/9
  1097 | D:2      | Reached skill level 5 in Spellcasting
  1489 | D:2      | Reached skill level 1 in Invocations
  1572 | D:2      | Noticed a scorpion
  1582 | D:2      | Killed a scorpion
  1583 | D:2      | Reached skill level 1 in Fighting
  1583 | D:2      | Reached skill level 1 in Short Blades
  1583 | D:2      | Reached skill level 1 in Long Blades
  1583 | D:2      | Reached skill level 1 in Axes
  1583 | D:2      | Reached skill level 1 in Maces & Flails
  1583 | D:2      | Reached skill level 1 in Polearms
  1583 | D:2      | Reached skill level 1 in Staves
  1583 | D:2      | Reached skill level 1 in Slings
  1583 | D:2      | Reached skill level 1 in Bows
  1583 | D:2      | Reached skill level 1 in Crossbows
  1583 | D:2      | Reached skill level 1 in Throwing
  1583 | D:2      | Reached skill level 1 in Armour
  1583 | D:2      | Reached skill level 1 in Shields
  1583 | D:2      | Reached skill level 1 in Unarmed Combat
  1583 | D:2      | Reached skill level 1 in Hexes
  1583 | D:2      | Reached skill level 1 in Summonings
  1583 | D:2      | Reached skill level 1 in Necromancy
  1583 | D:2      | Reached skill level 1 in Translocations
  1583 | D:2      | Reached skill level 1 in Transmutations
  1583 | D:2      | Reached skill level 1 in Ice Magic
  1583 | D:2      | Reached skill level 1 in Air Magic
  1583 | D:2      | Reached skill level 1 in Earth Magic
  1583 | D:2      | Reached skill level 1 in Poison Magic
  1583 | D:2      | Reached skill level 1 in Evocations
  1583 | D:2      | Reached XP level 4. HP: 20/32 MP: 1/11
  2239 | D:2      | Found a runed translucent door.
  2240 | D:2      | Noticed Crazy Yiuf
  2248 | D:2      | Learned a level 4 spell: Flame Wave
  2252 | D:2      | Killed Crazy Yiuf
  2253 | D:2      | Reached XP level 5. HP: 37/37 MP: 5/12
  2393 | D:3      | Noticed bande's ghost (amateur GrFi)
  2394 | D:3      | Noticed a sky beast
  2476 | D:3      | Found a runed translucent gate.
  2476 | D:3      | Found a runed translucent gate.
  2476 | D:3      | Found a runed translucent gate.
  2825 | D:3      | Reached XP level 6. HP: 44/44 MP: 10/13
  3083 | D:3      | Reached skill level 5 in Dodging
  3240 | D:3      | Learned a level 3 spell: Mephitic Cloud
  3602 | D:4      | HP: 2/44 [ogre/+0 giant club (25)]
  3604 | D:4      | Reached XP level 7. HP: 3/50 MP: 15/15
  3949 | D:4      | HP: 1/51 [wight/+4 scimitar (6)]
  3950 | D:4      | Slain by a wight

Illustrated notes

Levels and vault maps discovered:
D:1:      dpeg_arrival_snail, layout_loops_cross, grunt_decor_arrowhead
D:2:      layout_rooms, hellmonk_ecumenical_altar_heavens_door, serial_undead,
          serial_undead_c, serial_undead_e, serial_undead_a, serial_undead_a,
          uniq_crazy_yiuf_cottage
D:3:      layout_basic, gammafunk_ghost_split, minmay_snake_closets
D:4:      layout_basic, gup_sewer_entry_bubbles,
          minmay_a_box_with_orc_wizards_in_it

Skill      XL: |  1  2  3  4  5  6  7 |
---------------+----------------------+-----
Conjurations   | 2 3 |  3.0
Spellcasting   | 5 |  5.6
Invocations    | 1 2 |  2.8
Fighting       | 1 2 |  2.5
Short Blades   | 1 2 |  2.5
Long Blades    | 1 2 |  2.5
Axes           | 1 2 |  2.5
Maces & Flails | 1 2 |  2.5
Polearms       | 1 2 |  2.5
Staves         | 1 2 |  2.5
Slings         | 1 2 |  2.5
Bows           | 1 2 |  2.5
Crossbows      | 1 2 |  2.5
Throwing       | 1 2 |  2.5
Armour         | 1 2 |  2.5
Shields        | 1 2 |  2.5
Unarmed Combat | 1 2 |  2.5
Hexes          | 1 2 |  2.0
Summonings     | 1 2 |  2.0
Necromancy     | 1 2 |  2.0
Translocations | 1 2 |  2.0
Transmutations | 1 2 |  2.0
Ice Magic      | 1 2 |  2.0
Air Magic      | 1 2 |  2.0
Earth Magic    | 1 2 |  2.0
Poison Magic   | 1 2 |  2.0
Evocations     | 1 2 |  2.5
Dodging        | 5 |  5.2
Stealth        | |  4.9
Fire Magic     | |  5.8

Action                   |  1- 3 |  4- 6 |  7- 9 || total
-------------------------+-------+-------+-------++-------
Melee: Unarmed           |    11 |       |       ||    11
       War axe           |    11 |       |       ||    11
       Bite              |     2 |     4 |     2 ||     8
       Punch             |     1 |       |       ||     1
       Quarterstaff      |       |    48 |    11 ||    59
 Cast: Foxfire           |    24 |    34 |     1 ||    59
       Scorch            |    14 |    29 |     3 ||    46
  Use: Potion            |       |     1 |     1 ||     2
       Scroll            |       |    12 |       ||    12
 Stab: Sleeping          |     2 |     4 |       ||     6
Armor: Robe              |     1 |     6 |     1 ||     8
Dodge: Dodged            |    21 |    29 |     9 ||    59

Table legend: (Time is in decaauts)
 A = Elapsed time spent in this place.
 B = Non-inter-level travel time spent in this place.
 C = Inter-level travel time spent in this place.
 D = Time resting spent in this place.
 E = Time spent auto-exploring this place.
 F = Levels seen in this place.
 G = Mean time per level.
                   A        B        C        D        E       F      G
               +--------+--------+--------+--------+--------+-----+--------+
         Total |   3963 |   3890 |     73 |    620 |   2579 |   4 |  990.8 |
       Dungeon |   3963 |   3890 |     73 |    620 |   2579 |   4 |  990.8 |
               +--------+--------+--------+--------+--------+-----+--------+

Top non-repeatable levels by time:
     D:2: 1315 daAuts
     D:3: 1130 daAuts
     D:1: 1028 daAuts
     D:4: 489 daAuts
